 Dungeon Crawl Stone Soup version 0.31-a0-844-gdc52ec4e09 (webtiles) character file.

Game seed: 6555955857233518423

2 TheScarfBastard the Trooper (level 1, 0/20 HPs)
             Began as a Minotaur Berserker on Sept 30, 2023.
             Was a Follower of Trog.
             Slain by a kobold
             ... wielding a +0 short sword
              (4 damage)
             ... on level 1 of the Dungeon.
             The game lasted 00:00:17 (65 turns).

TheScarfBastard the Trooper (Minotaur Berserker)      Turns: 65, Time: 00:00:17

Health: 0/20       AC:  2    Str: 21    XL:     1   Next: 33%
Magic:  0/0        EV: 12    Int:  4    God:    Trog [*.....]
Gold:   25         SH:  0    Dex:  9    Spells: 0/0 levels left

rFire   . . .        a - +0 hand axe
rCold   . . .        (no shield)
rNeg    . . .        b - +0 animal skin
rPois   .            (helmet restricted)
rElec   .            (no cloak)
rCorr   .            (no gloves)
SInv    .            (no boots)
Will    .....        (no amulet)
Stlth   +            (no ring)
HPRegen 0.23/turn    (no ring)
MPRegen 0.07/turn

%: no passive effects
@: no status effects
A: horns 2, retaliatory headbutt
a: Renounce Religion, Berserk


You were on level 1 of the Dungeon.
You worshipped Trog.
Trog was aware of your devotion.
You visited 1 branch of the dungeon, and saw 1 of its levels.

You collected 25 gold pieces.

Inventory:

Hand Weapons
 a - a +0 hand axe (weapon)
Armour
 b - a +0 animal skin (worn)


   Skills:
 + Level 3.7 Fighting
 + Level 3.7 Axes
 + Level 2.4 Armour
 + Level 2.2 Dodging


You couldn't memorise any spells.
You didn't know any spells.
Your spell library was empty.

Dungeon Overview and Level Annotations

Branches:
Dungeon (1/15)

Altars:


Innate Abilities, Weirdness & Mutations

You have a pair of horns on your head.
You reflexively headbutt those who attack you in melee.


Message History

Things that are here:
a +0 dagger; a goblin corpse
Found 6 gold pieces.
You now have 11 gold pieces (gained 6).
A ball python comes into view.
The ball python hisses angrily.
Found 10 gold pieces.
You slash the ball python!
You kill the ball python!
Trog accepts your kill.
You now have 15 gold pieces (gained 4).
You now have 25 gold pieces (gained 10).
A goblin comes into view. It is wielding a +0 club.
The goblin shouts!
You hear a shout!
A kobold comes into view. It is wielding a +0 short sword.
A giant cockroach comes into view.
A quokka comes into view.
The goblin hits you with a +0 club.
You barely miss the goblin. You headbutt the goblin.
The goblin is heavily wounded.
The goblin hits you with a +0 club.
You closely miss the goblin.
The goblin is heavily wounded.
You barely miss the kobold. The goblin barely misses you.
The kobold completely misses you. You furiously retaliate!
You headbutt the kobold, but do no damage.
The giant cockroach closely misses you. The goblin hits you with a +0 club.
The kobold hits you but does no damage. The giant cockroach misses you.
Unknown command.
The kobold closely misses you. The goblin misses you.
The quokka bites you but does no damage.
The giant cockroach bites you. The quokka barely misses you.
The kobold barely misses you. The goblin closely misses you.
The giant cockroach bites you. The quokka bites you.
* * * LOW HITPOINT WARNING * * *
The giant cockroach misses you. The goblin barely misses you.
The kobold hits you with a +0 short sword.
You die...

# #..#.....#...#..#
# #...#.#.........#
# #.#.#.#..........
....#.#.........#
..#......#........
##......###....#...
##.#..####.#..# ..
#.. #..r..# # #.
#.@g..# #...KB..#
...............
#..#.......###.
#....#...#.#
#.#......#.# #
..........
##...#... ..


You could see a quokka, a giant cockroach, a goblin and a kobold.

Vanquished Creatures
  A ball python (D:1)
  A goblin (D:1)
2 creatures vanquished.

Notes
Turn   | Place    | Note
-------+----------+-------------------------------------------
     0 | D:1      | TheScarfBastard the Minotaur Berserker began the quest for
                  | the Orb.
     0 | D:1      | Reached XP level 1. HP: 19/19 MP: 0/0
    65 | D:1      | Slain by a kobold

Illustrated notes

Levels and vault maps discovered:
D:1:      tarquinn_simple_flora_water_e, layout_loops_ring,
          hellmonk_ecumenical_altar_heavens_door, minmay_tiny_reverse_x

Action                     || total
---------------------------++-------
  Melee: Hand axe          ||     6
         Headbutt          ||     1
 Armour: Animal skin       ||     9
  Dodge: Dodged            ||    14

Table legend: (Time is in decaauts)
 A = Elapsed time spent in this place.
 B = Non-inter-level travel time spent in this place.
 C = Inter-level travel time spent in this place.
 D = Time resting spent in this place.
 E = Time spent auto-exploring this place.
 F = Levels seen in this place.
 G = Mean time per level.
                   A        B        C        D        E       F      G
               +--------+--------+--------+--------+--------+-----+--------+
         Total |     65 |     65 |      0 |      0 |     23 |   1 |   65.0 |
       Dungeon |     65 |     65 |      0 |      0 |     23 |   1 |   65.0 |
               +--------+--------+--------+--------+--------+-----+--------+

Top non-repeatable levels by time:
     D:1: 65 daAuts
